 Dungeon Crawl Stone Soup version 0.30-a0-808-g6e0788376e (webtiles) character file.

Game seed: 10674143438625331178

1526 domi the Covert (level 8, -1/38 HPs)
             Began as a Vine Stalker Brigand on Feb 26, 2023.
             Slain by a boulder beetle (39 damage)
             ... on level 7 of the Dungeon.
             The game lasted 00:09:40 (6326 turns).

domi the Covert (Vine Stalker Brigand)              Turns: 6326, Time: 00:09:40

Health: -1/38      AC:  8    Str: 13    XL:     8   Next: 85%
Magic:  0/9        EV: 11    Int: 11    God:
Gold:   412        SH:  0    Dex: 19    Spells: 7/7 levels left

rFire   . . .      SeeInvis .    a - +2 dagger
rCold   . . .      Faith    .    (no shield)
rNeg    . . .      Spirit   +    I - +0 acid dragon scales
rPois   .          Reflect  .    (no helmet)
rElec   .          Harm     .    z - scarf {repulsion}
rCorr   +          Rampage  .    (no gloves)
Will    +....                    w - +1 pair of boots
Stlth   ++++                     (no amulet)
HPRegen 1.06/turn                y - ring of resist corrosion
MPRegen 0.11/turn                (no ring)

@: repel missiles
A: fangs 3, regeneration 1, magic shield, antimagic bite, no potion heal 2
a: no special abilities


You were on level 7 of the Dungeon.
You visited 2 branches of the dungeon, and saw 8 of its levels.

You collected 412 gold pieces.

Inventory:

Hand Weapons
 a - a +2 dagger (weapon)
Missiles
 d - 8 poisoned darts (quivered)
 e - a curare-tipped dart {=f}
Armour
 b - a +0 robe
 c - a +0 cloak
 n - the +1 ring mail of Seamak {+Blink Regen+ Str-2 Int+2}
   (You found it on level 5 of the Dungeon)

   Str:       It affects your strength (-2).
   Int:       It affects your intelligence (+2).
   +Blink:    It lets you blink.
   Regen:     It increases your rate of health regeneration.
 w - a +1 pair of boots (worn)
   (You found it on level 5 of the Dungeon)
 z - a scarf of repulsion (worn)
   (You found it on level 5 of the Dungeon)
 B - the +1 robe of Nuxzimas {+Inv rPois Str-4 SInv}
   (You found it on level 5 of the Dungeon)

   Str:       It affects your strength (-4).
   rPois:     It protects you from poison.
   SInv:      It lets you see invisible.
   +Inv:      It lets you turn invisible.
 I - +0 acid dragon scales (worn)
   (You found it on level 7 of the Dungeon)
Magical Staves
 H - a staff of poison {rPois}
   (You found it on level 6 of the Dungeon)
Jewellery
 y - a ring of resist corrosion (left hand)
   (You found it on level 4 of the Dungeon)
 A - a +4 ring of protection
   (You found it on level 5 of the Dungeon)
Wands
 F - a wand of flame (20)
   (You found it on level 6 of the Dungeon)
Scrolls
 f - 5 scrolls of identify {unknown}
 i - 2 scrolls of amnesia {unknown}
 j - a scroll of fear {unknown}
 k - 2 scrolls of teleportation {unknown}
 m - 3 scrolls of fog {unknown}
 q - 4 scrolls of poison {unknown}
 s - a scroll of acquirement {unknown}
 u - 2 scrolls of magic mapping {unknown}
 x - a scroll of silence {unknown}
 E - a scroll of enchant armour {unknown}
Potions
 g - a potion of haste {unknown}
 h - a potion of heal wounds {unknown}
 l - 3 potions of curing {unknown}
 o - a potion of lignification {unknown}
 p - a potion of degeneration {unknown}
 r - a potion of flight {unknown}
 t - 2 potions of attraction {unknown}
 v - a potion of brilliance {unknown}
 C - a potion of cancellation {unknown}
 D - a potion of ambrosia {!q}
 G - a potion of magic {unknown}
 J - a potion of mutation {unknown}


   Skills:
 - Level 1.7 Fighting
 - Level 8.0 Short Blades
 - Level 2.0 Throwing
 + Level 0.3 Armour
 + Level 0.7 Dodging
 + Level 9.8 Stealth


You had 7 spell levels left.
You didn't know any spells.
Your spell library was empty.

Dungeon Overview and Level Annotations

Branches:
Dungeon (7/15)             Temple (1/1) D:4

Altars:
Ashenzari
Dithmenos
Elyvilon
Fedhas
Gozag
Kikubaaqudgha
Makhleb
Nemelex Xobeh
Okawaru
Qazlal
Sif Muna
Trog
Wu Jian
Xom
Yredelemnul
Zin
The Shining One
Lugonu

Annotations:
D:3 2 transporters, Jessica; asti's ghost, amateur MiBe
D:5 2 transporters, tarna41's ghost, amateur SpCj


Innate Abilities, Weirdness & Mutations

You have razor-sharp teeth.
Your natural rate of healing is unusually fast.
When hurt, damage is shared between your health and your magic reserves.
Your bite disrupts and absorbs the magic of your enemies.
Potions cannot restore your health.


Message History

You hit the centaur but do no damage. You bite the centaur.
You drain its power.
You feel invigorated. The centaur hits you.
The centaur kicks you but does no damage.
You hit the centaur but do no damage. The centaur barely misses you.
The centaur kicks you but does no damage.
You hit the centaur but do no damage. You bite the centaur.
You drain its power.
You feel invigorated. The centaur hits you. The centaur barely misses you.
You hit the centaur but do no damage. You bite the centaur!
You drain its power.
You feel invigorated.
You hit the centaur. Your bite misses the centaur.
The centaur hits you but does no damage.
The centaur kicks you but does no damage.
The jelly closely misses you.
You closely miss the centaur. You bite the centaur.
You kill the centaur!
You barely miss the jelly. You bite the jelly, but do no damage.
The jelly hits you but does no damage.
You hit the jelly.
Your hands burn!
You bite the jelly! You drain its power.
You feel invigorated.
You hit the jelly.
Your hands burn!
The jelly completely misses you.
You hit the jelly.
You kill the jelly!
Things that are here:
a +0 shortbow; a centaur corpse
Found a white marble altar of Elyvilon.
You now have 404 gold pieces (gained 10).
l - 3 pink potions (gained 2)
There is a stone staircase leading up here.
k - 2 scrolls labelled TOCO XUTOWUCOS (gained 1)
There is a stone staircase leading up here.
Things that are here:
a +0 shortbow; a centaur skeleton Partly explored, can't reach some places.
Partly explored, can't reach some places.
Partly explored, can't reach some places.
Partly explored, can't reach some places.
Partly explored, can't reach some places.
Partly explored, can't reach some places.
Partly explored, can't reach some places.
Partly explored, can't reach some places.
(D) Dungeon (T) Temple
Where to? (Enter - D:6, ? - help)
You see here a +0 plate armour.
There is an escape hatch in the ceiling here.
There is a stone staircase leading down here.
You climb downwards.
There is a stone staircase leading up here.
An acid dragon is nearby!
The helpless acid dragon fails to defend itself.
You stick the acid dragon like a pincushion!!!!
You kill the acid dragon!
The acid dragon scales are intact enough to wear.
Training target 8.0 for Short Blades reached!
Your Short Blades skill increases to level 8!
Things that are here:
+0 acid dragon scales; an acid dragon corpse I - +0 acid dragon scales You start removing your armour.
You continue taking off the +1 robe of Nuxzimas {+Inv rPois Str-4 SInv}. x4
You finish taking off the +1 robe of Nuxzimas {+Inv rPois Str-4 SInv}.
You start putting on your armour.
You continue putting on your +0 acid dragon scales. x5
You finish putting on your +0 acid dragon scales.
J - a red potion You open the door.
There is an open door here.
You open the door.
Found a glowing silver altar of Zin.
There is an open door here.
u - 2 scrolls labelled QUQUCIKOLANN (gained 1)
There is an open door here.
You open the door.
Found a bloodstained altar of Trog.
There is an open door here.
There is an open door here.
There is an open door here.
A hound comes into view.
The hound barks!
The hound bites you.
You hit the hound. The hound closely misses you.
You barely miss the hound. You bite the hound. You drain its power.
The hound bites you but does no damage.
You hit the hound. You bite the hound. You drain its power.
The hound barely misses you.
You hit the hound. Your bite misses the hound.
The hound bites you but does no damage.
You hit the hound.
You kill the hound!
No target in view!
Found a stone staircase leading down.
You now have 412 gold pieces (gained 8).
A boulder beetle comes into view.
The boulder beetle moves out of view.
A boulder beetle is nearby!
The boulder beetle curls into a ball and begins rolling!
The boulder beetle attacks as you move away!
The boulder beetle hits you!!!
Ouch! That really hurt!
You die...

#...>........
#####.####### #.#
#.# #.# #°# #°#
#B###### #.@....#
######.# #.# #.# #.#
#####.#####.#
########............
...........#.#####.#
########...#.#


You could see a boulder beetle (rolling).

Vanquished Creatures
  An acid dragon (D:7)
  2 water moccasins
  An orc warrior (D:3)
  An ice beast (D:6)
  A black bear (D:6)
  3 centaurs
  2 phantoms (D:5)
  A bullfrog (D:6)
  A scorpion (D:3)
  A jelly (D:6)
  An orc priest (D:4)
  2 hounds
  2 iguanas
  10 gnolls
  8 adders
  An ufetubus (D:5)
  2 dart slugs
  14 orcs
  7 endoplasms
  4 giant cockroaches
  3 goblins
  8 hobgoblins
  3 jackals (D:1)
  5 quokkas
  6 ball pythons
  A bat (D:1)
  A frilled lizard (D:3)
  3 kobolds
  4 rats
  A spectral hobgoblin (D:3)
100 creatures vanquished.

Vanquished Creatures (others)
  A hound (D:5)
  A plant (D:3)
2 creatures vanquished.

Grand Total: 102 creatures vanquished

Notes
Turn   | Place    | Note
-------+----------+-------------------------------------------
     0 | D:1      | domi the Vine Stalker Brigand began the quest for the Orb.
     0 | D:1      | Reached XP level 1. HP: 11/11 MP: 2/2
   120 | D:1      | Reached skill level 2 in Short Blades
   166 | D:1      | Reached skill level 5 in Stealth
   166 | D:1      | Reached XP level 2. HP: 15/15 MP: 3/3
   176 | D:1      | Reached skill level 2 in Throwing
   627 | D:1      | Reached XP level 3. HP: 15/18 MP: 2/4
  1658 | D:2      | Found a blossoming altar of Fedhas.
  1765 | D:3      | Reached skill level 3 in Short Blades
  1838 | D:3      | Gained mutation: Your natural rate of healing is unusually
                  | fast. [Vine Stalker growth]
  1838 | D:3      | Reached XP level 4. HP: 20/23 MP: 5/5
  1881 | D:3      | Noticed a scorpion
  1894 | D:3      | Killed a scorpion
  1895 | D:3      | Reached XP level 5. HP: 24/26 MP: 4/6
  1911 | D:3      | Found a glowing golden altar of the Shining One.
  2017 | D:3      | Reached skill level 6 in Stealth
  2048 | D:3      | Reached skill level 4 in Short Blades
  2097 | D:3      | Noticed Jessica
  2287 | D:3      | Found a faded altar of an unknown god.
  2428 | D:3      | Noticed an orc warrior
  2465 | D:3      | Killed an orc warrior
  2466 | D:3      | Reached XP level 6. HP: 16/30 MP: 2/7
  2608 | D:3      | Found a transporter.
  2608 | D:3      | Noticed asti's ghost (amateur MiBe)
  2609 | D:3      | Found a transporter.
  2609 | D:3      | Identified the +10 giant spiked club of Integrity {flame,
                  | rF+ rCorr Int+3}
  2898 | D:4      | HP: 2/30 [gnoll/+0 halberd (10)]
  3039 | D:4      | Reached skill level 5 in Short Blades
  3101 | D:4      | Found a staircase to the Ecumenical Temple.
  3115 | Temple   | Entered the Ecumenical Temple
  3549 | D:4      | Reached skill level 7 in Stealth
  3998 | D:4      | HP: 7/30 [iguana (8)]
  4000 | D:4      | Reached XP level 7. HP: 10/34 MP: 2/8
  4353 | D:5      | Entered Level 5 of the Dungeon
  4395 | D:5      | Found a shadowy altar of Dithmenos.
  4471 | D:5      | Identified the +1 robe of Nuxzimas {+Inv rPois Str-4 SInv}
  4565 | D:5      | Reached skill level 6 in Short Blades
  4603 | D:5      | Identified the +1 ring mail of Seamak {+Blink Regen+ Str-2
                  | Int+2}
  4766 | D:5      | Found a transporter.
  4772 | D:5      | Noticed a hornet
  4780 | D:5      | Noticed tarna41's ghost (amateur SpCj)
  4782 | D:5      | Found a transporter.
  4920 | D:5      | Found a blossoming altar of Fedhas.
  4920 | D:5      | Found a broken altar of Ashenzari.
  5116 | D:5      | Found a shimmering altar of Xom.
  5165 | D:5      | Reached skill level 8 in Stealth
  5175 | D:5      | Gained mutation: You have razor-sharp teeth. [Vine Stalker
                  | growth]
  5175 | D:5      | Reached XP level 8. HP: 27/38 MP: 9/9
  5537 | D:6      | Reached skill level 7 in Short Blades
  5613 | D:6      | Reached skill level 9 in Stealth
  5680 | D:6      | Found a stormy altar of Qazlal.
  5839 | D:6      | Found an ornate altar of the Wu Jian Council.
  5839 | D:6      | Found an ancient bone altar of Kikubaaqudgha.
  5896 | D:6      | Found a white marble altar of Elyvilon.
  6185 | D:7      | Reached skill level 8 in Short Blades
  6226 | D:7      | Found a glowing silver altar of Zin.
  6236 | D:7      | Found a bloodstained altar of Trog.
  6290 | D:7      | Noticed a boulder beetle
  6326 | D:7      | Slain by a boulder beetle

Illustrated notes

Levels and vault maps discovered:
D:1:      minmay_arrival_shattered_statue, layout_loops_corners
D:2:      layout_basic, basic_altar
D:3:      layout_loops_ring, amcnicky_altar_gilded, gammafunk_ghost_smash,
          serial_bayou, serial_bayou_pond_c, serial_bayou_pond_e,
          serial_bayou_shore_b, serial_bayou_shore_b, serial_bayou_shore_b,
          dreamdust_ecumenical_altar_drowned_temple,
          minmay_fractal_squares_gapless_5, uniq_jessica
D:4:      layout_layer_cave, minmay_temple_entry_drinking_statues
D:5:      layout_gridville, nicolae_overflow_crystal_walls,
          nicolae_dithmenos_through_a_glass_darkly,
          gammafunk_temple_overflow_elements, gammafunk_ghost_hive
D:6:      layout_basic, lemuel_coloured_pillars_altar,
          overflow_temple_1_default, nicolae_overflow_two_pavilions
D:7:      layout_loops_ring, nicolae_overflow_hidden_temple,
          amethyst_overflow_temple_binary, uniq_joseph
Temple:   corrupted_temple

Skill      XL: |  1  2  3  4  5  6  7  8 |
---------------+-------------------------+-----
Short Blades   | 2 3 4 5 6 8 |  8.0
Stealth        | 5 6 7 8 9 |  9.8
Throwing       | 2 |  2.0
Fighting       | |  1.7
Armour         | |  0.3
Dodging        | |  0.7

Action                     |  1- 3 |  4- 6 |  7- 9 || total
---------------------------+-------+-------+-------++-------
  Melee: Dagger            |    85 |    86 |   139 ||   310
         Bite              |    16 |    29 |    40 ||    85
         Punch             |     1 |     1 |     1 ||     3
  Throw: Dart              |       |    47 |     5 ||    52
         Throwing net      |       |     1 |       ||     1
    Use: Potion            |       |       |     2 ||     2
   Stab: Sleeping          |    12 |     7 |    13 ||    32
         Distracted        |       |     1 |       ||     1
         Invisible         |       |       |     1 ||     1
 Armour: Robe              |    16 |    16 |    33 ||    65
         Acid dragon scale |       |       |     2 ||     2
  Dodge: Dodged            |    43 |    41 |    71 ||   155

Table legend: (Time is in decaauts)
 A = Elapsed time spent in this place.
 B = Non-inter-level travel time spent in this place.
 C = Inter-level travel time spent in this place.
 D = Time resting spent in this place.
 E = Time spent auto-exploring this place.
 F = Levels seen in this place.
 G = Mean time per level.
                   A        B        C        D        E       F      G
               +--------+--------+--------+--------+--------+-----+--------+
         Total |   6275 |   6061 |    214 |    205 |   4886 |   8 |  784.4 |
       Dungeon |   6227 |   6027 |    200 |    205 |   4859 |   7 |  889.6 |
        Temple |     47 |     33 |     14 |      0 |     27 |   1 |   47.0 |
               +--------+--------+--------+--------+--------+-----+--------+

Top non-repeatable levels by time:
     D:4: 1329 daAuts
     D:3: 1208 daAuts
     D:1: 965 daAuts
     D:5: 963 daAuts
     D:6: 831 daAuts
     D:2: 786 daAuts
     D:7: 142 daAuts
  Temple: 47 daAuts

Table legend:
 A = Kills in this place as a percentage of kills in entire the game.
 B = Kills by you in this place as a percentage of kills by you in the entire game.
 C = Kills by friends in this place as a percentage of kills by friends in the entire game.
 D = Other kills in this place as a percentage of other kills in the entire game.
 E = Experience gained in this place as a percentage of experience gained in the entire game.
 F = Experience gained in this place divided by the number of levels of this place that you have seen.
                   A       B       C       D       E      F
               +-------+-------+-------+-------+-------+----------------------
         Total | 100.0 | 100.0 |   N/A |   N/A | 100.0 | 272.5
       Dungeon | 100.0 | 100.0 |   N/A |   N/A | 100.0 | 311.4
               +-------+-------+-------+-------+-------+----------------------
